 Dungeon Crawl Stone Soup version 0.26.1-11-gd32895ea62 (webtiles) character file.

Game seed: 9034902826940031462

151 Zeld the Cudgeller (level 5, -2/45 HPs)
             Began as a Draconian Gladiator on June 13, 2021.
             Killed from afar by Sigmund (9 damage)
             ... with a puff of flame
             ... on level 3 of the Dungeon.
             The game lasted 00:05:17 (2546 turns).

Zeld the Cudgeller (Draconian Gladiator)            Turns: 2546, Time: 00:05:18

Health: -2/45      AC:  6    Str: 18    XL:     5   Next: 11%
Magic:  5/5        EV: 12    Int:  8    God:
Gold:   99         SH:  4    Dex: 12    Spells: 4/4 levels left

rFire    . . .     SeeInvis .   a - +0 flail
rCold    . . .     Faith    .   p - +0 buckler
rNeg     . . .     Spirit   .   (armour unavailable)
rPois    .         Reflect  .   b - +0 hat
rElec    .         Harm     .   d - +0 cloak
rCorr    .         Rampage  .   (no gloves)
Will     .....                  (no boots)
Stlth    +.........             (no amulet)
HPRegen  0.15/turn              (no ring)
MPRegen  0.09/turn              (no ring)

@: no status effects
A: unfitting armour, cold-blooded, AC +5
a: no special abilities


You were on level 3 of the Dungeon.
You visited 1 branch of the dungeon, and saw 3 of its levels.

You collected 99 gold pieces.

Inventory:

Hand Weapons
 a - a +0 flail (weapon)
Missiles
 c - 2 throwing nets (quivered)
 g - 86 stones
Armour
 b - a +0 hat (worn)
 d - a +0 cloak (worn)
 p - a +0 buckler (worn)
 q - a +0 kite shield
Jewellery
 i - an uncursed ring of positive energy {unknown}
Wands
 r - a wand of digging (2)
Scrolls
 f - 3 scrolls of identify {unknown}
 j - a scroll of noise {unknown}
 l - 2 scrolls of teleportation {unknown}
 m - a scroll of random uselessness {unknown}
 o - a scroll of enchant weapon {unknown}
 t - a scroll of remove curse {unknown}
Potions
 e - a potion of lignification {unknown}
 h - a potion of attraction {unknown}
 k - a potion of degeneration {unknown}
 n - a potion of might {unknown}
 s - 2 potions of heal wounds {unknown}


   Skills:
 + Level 3.0 Fighting
 * Level 4.0 Maces & Flails
 * Level 3.0 Throwing
 + Level 3.2 Dodging
 * Level 1.4 Shields


You had 4 spell levels left.
You didn't know any spells.
Your spell library was empty.

Dungeon Overview and Level Annotations

Branches:
Dungeon (3/15)

Altars:
Okawaru
Ru

Annotations:
D:3 Sigmund


Innate Abilities, Weirdness & Mutations

Your plain brown scales are hard. (AC +5)
You cannot fit into any form of body armour.
You are cold-blooded and may be slowed by cold attacks.


Message History

All of a sudden the net rips apart!
You hit something but do no damage. Something hits you.
You barely miss something. Something hits you. Something hits you!
* * * LOW HITPOINT WARNING * * *
You hear some strange, mumbled words.
Something tries to affect you, but you resist.
A magic dart appears from out of thin air!
The magic dart hits you.
* * * LOW HITPOINT WARNING * * *
Sigmund appears from thin air!
Reactivating autopickup.
Sigmund gestures at you while chanting. You resist with some effort.
Sigmund gestures at himself while chanting.
Sigmund flickers and vanishes!
Deactivating autopickup; reactivate with Ctrl-A.
A puff of flame appears from out of thin air!
The puff of flame hits you!
You die...

#+# ###.#### #.#
###.### ##.....#
####......#
'.........#
####......# ..
##.....# ..
#######@### ..
#.........# #'#
#.#####.#.# #.#
#.....# #.# #...#.#
##.## #.###.#
###..)####.###.###.#
#........#....{....#
#.#...##.#####.....#


There were no monsters in sight!

Vanquished Creatures
  Ijyb (D:3)
  Terence (D:3)
  Natasha (D:3)
  An adder (D:2)
  An ooze (D:2)
  An adder zombie (D:2)
  A dart slug (D:1)
  A leopard gecko (D:1)
  A ball python (D:1)
  3 bats
  6 goblins
  9 hobgoblins
  6 jackals
  A quokka (D:2)
  3 frilled lizards
  A jackal zombie (D:3)
  6 kobolds
  9 rats
53 creatures vanquished.

Notes
Turn   | Place    | Note
-------+----------+-------------------------------------------
     0 | D:1      | Zeld the Draconian Gladiator began the quest for the Orb.
     0 | D:1      | Reached XP level 1. HP: 17/17 MP: 1/1
   151 | D:1      | Reached XP level 2. HP: 25/25 MP: 2/2
   995 | D:2      | Found a sacrificial altar of Ru.
  1006 | D:2      | Reached XP level 3. HP: 30/30 MP: 3/3
  1366 | D:2      | Found an iron altar of Okawaru.
  1834 | D:3      | Noticed Ijyb
  1861 | D:3      | Killed Ijyb
  1862 | D:3      | Reached XP level 4. HP: 29/37 MP: 4/4
  2143 | D:3      | Noticed Terence
  2159 | D:3      | Killed Terence
  2160 | D:3      | Reached skill level 1 in Shields
  2257 | D:3      | Noticed Natasha
  2276 | D:3      | Killed Natasha
  2277 | D:3      | Reached skill level 4 in Maces & Flails
  2277 | D:3      | Reached XP level 5. HP: 40/45 MP: 5/5
  2352 | D:3      | Noticed Sigmund
  2546 | D:3      | Killed from afar by Sigmund

Illustrated notes

Levels and vault maps discovered:
D:1:      dpeg_arrival_simpleton_c, layout_loops_ring, minmay_misc_feat_plants,
          minmay_heptomino_d4
D:2:      layout_loops_ring, lemuel_crystal_altar, lemuel_doored_altar
D:3:      layout_loops_corners, grunt_gozag_breadcrumbs, led_sif_book,
          uniq_sigmund, uniq_natasha, uniq_grinder, uniq_terence, uniq_ijyb

Skill      XL: |  1  2  3  4 |
---------------+-------------+-----
Throwing       | 2 3 |  3.0
Dodging        | 3 |  3.2
Shields        | 1 |  1.4
Fighting       | 3 |  3.0
Maces & Flails | 4 |  4.0

Action                   |  1- 3 |  4- 6 || total
-------------------------+-------+-------++-------
Melee: Flail             |   101 |    37 ||   138
       Tailslap          |     9 |     4 ||    13
Throw: Stone             |    75 |    24 ||    99
       Throwing net      |       |     2 ||     2
 Stab: Sleeping          |     1 |       ||     1
       Held in net/web   |       |     1 ||     1
Armor: Skin              |    29 |    14 ||    43
Dodge: Dodged            |    83 |    23 ||   106
Block: Buckler           |     8 |     6 ||    14
